 Dungeon Crawl Stone Soup version 0.28.0-43-g3370ac3207 (webtiles) character file.

Game seed: 14545222201477435759

1320 Ablot the Grasshopper (level 8, -3/64 HPs)
             Began as a Gnoll Warper on Mar 21, 2022.
             Slain by an orc warrior
             ... wielding a +0 long sword
              (17 damage)
             ... on level 6 of the Dungeon.
             The game lasted 00:07:54 (5067 turns).

Ablot the Grasshopper (Gnoll Warper)                Turns: 5067, Time: 00:07:57

Health: -3/64      AC:  5    Str: 16    XL:     8   Next: 59%
Magic:  26/26      EV: 13    Int: 13    God:
Gold:   240        SH:  0    Dex: 11    Spells: 17/19 levels left

rFire   . . .      SeeInvis .   r - +2 rapier (venom)
rCold   . . .      Faith    .   (no shield)
rNeg    . . .      Spirit   .   b - +1 leather armour of Decompression {Str+3}
rPois   .          Reflect  .   (no helmet)
rElec   .          Harm     .   (no cloak)
rCorr   .          Rampage  .   q - +0 pair of gloves
Will    .....                   (no boots)
Stlth   ++........              k - amulet of regeneration
HPRegen 1.00/turn               y - ring of magical power
MPRegen 0.20/turn               (no ring)

@: no status effects
A: fangs 1, strong nose, distributed training
a: no special abilities


You were on level 6 of the Dungeon.
You visited 1 branch of the dungeon, and saw 6 of its levels.

You collected 240 gold pieces.

Inventory:

Hand Weapons
 a - a +0 trident
 f - the +2 flail "Inalabro" {vorpal, rC- MP+9 Int+3 Dex+4}
   (You found it on level 4 of the Dungeon)

   It inflicts extra damage upon your enemies.
   Int:       It affects your intelligence (+3).
   Dex:       It affects your dexterity (+4).
   rC:        It makes you vulnerable to cold.
   MP:        It affects your magic capacity (+9).
 r - a +2 rapier of venom (weapon)
 s - a +2 hunting sling of freezing
 w - a +2 hand axe of flaming
Missiles
 d - 5 boomerangs of dispersal
 e - 7 poisoned darts (quivered)
 i - 66 sling bullets
 j - 199 stones
 l - 57 arrows
 t - 71 bolts
 z - 6 boomerangs
 B - a curare-tipped dart
Armour
 b - the +1 leather armour of Decompression (worn) {Str+3}
   (You found it on level 6 of the Dungeon)

   Str:       It affects your strength (+3).
 q - a +0 pair of gloves (worn)
Jewellery
 k - an amulet of regeneration (around neck)
 y - a ring of magical power (left hand)
Scrolls
 c - 3 scrolls of blinking
 o - a scroll of immolation {unknown}
 p - 5 scrolls of identify
 v - a scroll of summoning {unknown}
Potions
 g - 3 potions of brilliance
 h - a potion of lignification {unknown}
 m - a potion of degeneration {unknown}
 n - 2 potions of might
 u - 2 potions of curing {unknown}
 x - 4 potions of mutation
 A - a potion of invisibility {unknown}


   Skills:
 + Level 5.8 Fighting
 + Level 3.4 Short Blades
 + Level 3.4 Long Blades
 + Level 3.4 Axes
 + Level 3.4 Maces & Flails
 + Level 5.8 Polearms
 + Level 3.4 Staves
 + Level 3.4 Slings
 + Level 3.4 Bows
 + Level 3.4 Crossbows
 + Level 4.3 Throwing
 + Level 4.3 Armour
 + Level 5.8 Dodging
 + Level 3.4 Stealth
 + Level 3.4 Shields
 + Level 3.4 Unarmed Combat
 + Level 6.1 Spellcasting
 + Level 2.8 Conjurations
 + Level 2.8 Hexes
 + Level 2.8 Summonings
 + Level 2.8 Necromancy
 + Level 6.2 Translocations
 + Level 2.8 Transmutations
 + Level 2.8 Fire Magic
 + Level 2.8 Ice Magic
 + Level 2.8 Air Magic
 + Level 2.8 Earth Magic
 + Level 2.8 Poison Magic
 + Level 3.7 Invocations
 + Level 3.4 Evocations


You had 17 spell levels left.
You knew the following spells:

 Your Spells              Type           Power      Damage    Failure   Level
a - Blink                 Tloc           40%        N/A       2%          2

Your spell library contained the following spells:

 Spells                   Type           Power      Damage    Failure   Level
 Gell's Gravitas          Tloc           20%        N/A       4%          3
 Lesser Beckoning         Tloc           20%        N/A       4%          3
 Teleport Other           Tloc           20%        N/A       4%          3
 Summon Small Mammal      Summ           44%        N/A       6%          1
 Portal Projectile        Hex/Tloc       30%        N/A       10%         3
 Call Canine Familiar     Summ           11%        N/A       19%         3
 Summon Guardian Golem    Hex/Summ       11%        N/A       19%         3
 Manifold Assault         Tloc           20%        N/A       41%         5
 Leda's Liquefaction      Hex/Erth       5%         N/A       52%         4


Dungeon Overview and Level Annotations

Branches:
Dungeon (6/15)
 Temple: D:4-7

Altars:
Fedhas
Nemelex Xobeh
Okawaru
Ru
Xom
Yredelemnul
Zin


Innate Abilities, Weirdness & Mutations

You have very sharp teeth.
Your uncanny sense of smell can sniff out nearby items.
Your experience applies equally to all skills.


Message History

The orc priest mumbles some strange prayers to Beogh against you.
Beogh smites you!
You hit the orc warrior.
The orc warrior is moderately wounded.
The orc warrior hits you with a +0 long sword.
You are too injured to fight recklessly!
You are too injured to fight recklessly!
You are too injured to fight recklessly!
You are too injured to fight recklessly!
You barely miss the orc warrior.
You bite the orc warrior, but do no damage.
The orc warrior is moderately wounded.
The orc warrior barely misses you.
You barely miss the orc warrior.
The orc warrior is moderately wounded.
The orc warrior hits you with a +0 long sword!
* * * LOW HITPOINT WARNING * * *
You hit the orc warrior.
The orc warrior looks even sicker.
The orc warrior is moderately wounded.
The orc warrior closely misses you.
You hit the orc warrior.
The orc warrior is heavily wounded.
The orc warrior hits you with a +0 long sword!
* * * LOW HITPOINT WARNING * * *
The orc priest casts a cantrip, but nothing happens.
You completely miss the orc warrior.
The orc warrior is heavily wounded.
The orc warrior barely misses you.
You barely miss the orc warrior.
The orc warrior is heavily wounded.
The orc warrior barely misses you.
The orc priest calls upon Beogh to heal the orc warrior.
The orc warrior is healed somewhat.
You hit the orc warrior.
The orc warrior looks as sick as possible!
You punch the orc warrior.
You bite the orc warrior, but do no damage.
The orc warrior is severely wounded.
The orc warrior hits you with a +0 long sword!
You die...

.((...## ...(.(##
≈≈≈≈((. ..≈(. ###
#.≈(. #. ....#.≈o#
#.≈ #._.#.≈o#
#.≈.#.....≈@# #
##.≈.#####.≈.##.#
...≈.......≈....#
###.≈≈≈≈≈≈≈≈≈.####
..>...........#
...........#..#.##
................#
...# ###........#
...# #........#


You could see an orc warrior (extremely poisoned) and an orc priest.

Vanquished Creatures
  A water moccasin (D:5)
  2 ice beasts (D:5)
  An ogre (D:5)
  A necrophage (D:6)
  A kobold brigand (D:6)
  A bullfrog (D:6)
  4 scorpions
  A centaur zombie (D:5)
  An orc priest (D:3)
  A jelly (D:4)
  2 orc wizards (D:3)
  4 iguanas
  A hound zombie (D:5)
  A howler monkey zombie (D:5)
  13 adders
  An ufetubus (D:6)
  5 worms
  3 dart slugs
  14 orcs
  3 ball pythons (D:1)
  6 endoplasms
  3 giant cockroaches
  8 goblins
  6 hobgoblins
  2 jackals (D:4)
  7 kobolds
  2 quokkas (D:1)
  7 bats
  6 frilled lizards
  6 rats
114 creatures vanquished.

Notes
Turn   | Place    | Note
-------+----------+-------------------------------------------
     0 | D:1      | Ablot the Gnoll Warper began the quest for the Orb.
     0 | D:1      | Reached XP level 1. HP: 20/20 MP: 6/6
   101 | D:1      | Reached XP level 2. HP: 23/26 MP: 7/7
   120 | D:1      | Learned a level 2 spell: Blink
   484 | D:1      | Reached XP level 3. HP: 31/31 MP: 9/9
   502 | D:1      | Reached skill level 5 in Spellcasting
   994 | D:2      | Reached skill level 1 in Invocations
  1002 | D:1      | Reached skill level 1 in Short Blades
  1002 | D:1      | Reached skill level 1 in Long Blades
  1002 | D:1      | Reached skill level 1 in Axes
  1002 | D:1      | Reached skill level 1 in Maces & Flails
  1002 | D:1      | Reached skill level 1 in Staves
  1002 | D:1      | Reached skill level 1 in Slings
  1002 | D:1      | Reached skill level 1 in Bows
  1002 | D:1      | Reached skill level 1 in Crossbows
  1002 | D:1      | Reached skill level 1 in Stealth
  1002 | D:1      | Reached skill level 1 in Shields
  1002 | D:1      | Reached skill level 1 in Unarmed Combat
  1002 | D:1      | Reached skill level 1 in Evocations
  1229 | D:2      | Reached XP level 4. HP: 38/38 MP: 11/11
  1324 | D:2      | You fall into a shaft and drop 1 floor!
  1404 | D:2      | Reached skill level 1 in Conjurations
  1404 | D:2      | Reached skill level 1 in Hexes
  1404 | D:2      | Reached skill level 1 in Summonings
  1404 | D:2      | Reached skill level 1 in Necromancy
  1404 | D:2      | Reached skill level 1 in Transmutations
  1404 | D:2      | Reached skill level 1 in Fire Magic
  1404 | D:2      | Reached skill level 1 in Ice Magic
  1404 | D:2      | Reached skill level 1 in Air Magic
  1404 | D:2      | Reached skill level 1 in Earth Magic
  1404 | D:2      | Reached skill level 1 in Poison Magic
  1833 | D:3      | Reached XP level 5. HP: 43/43 MP: 12/12
  2694 | D:4      | Reached XP level 6. HP: 7/50 MP: 14/14
  2965 | D:3      | Reached skill level 5 in Fighting
  2965 | D:3      | Reached skill level 5 in Polearms
  2965 | D:3      | Reached skill level 5 in Dodging
  3103 | D:4      | Identified the +2 flail "Inalabro" {vorpal, rC- MP+9 Int+3
                  | Dex+4}
  3179 | D:4      | Found a sacrificial altar of Ru.
  3537 | D:4      | Reached XP level 7. HP: 53/56 MP: 15/15
  3828 | D:5      | Entered Level 5 of the Dungeon
  4101 | D:5      | Found a blossoming altar of Fedhas.
  4102 | D:5      | Found an iron altar of Okawaru.
  4292 | D:5      | Reached XP level 8. HP: 63/63 MP: 16/16
  4400 | D:5      | Found a glowing silver altar of Zin.
  4695 | D:5      | Found a shimmering altar of Xom.
  4710 | D:5      | Found a sparkling altar of Nemelex Xobeh.
  4888 | D:6      | Identified the +1 leather armour of Decompression {Str+3}
  5038 | D:6      | Found a basalt altar of Yredelemnul.
  5067 | D:6      | Slain by an orc warrior

Illustrated notes

Levels and vault maps discovered:
D:1:      sevenhm_arrival_forest_fort_large_2, layout_basic
D:2:      layout_loops_cross
D:3:      layout_rooms, serial_rivers, chequers_serial_rivers_small_a,
          chequers_serial_rivers_small_a, chequers_serial_rivers_small_b,
          chequers_serial_rivers_large_b, chequers_serial_rivers_micro_a,
          grunt_ministairs_1, hangedman_decor_growths
D:4:      layout_basic, mainiacjoe_overflow_concentric_impassable
D:5:      layout_basic, mainiacjoe_overflow_chevrons,
          nicolae_overflow_hidden_temple
D:6:      cheibrodos_helix_gallery, layout_basic, mainiacjoe_overflow_brackets,
          dk_noncrumbling_4

Skill      XL: |  1  2  3  4  5  6  7  8 |
---------------+-------------------------+-----
Spellcasting   | 5 6 |  6.1
Invocations    | 1 2 3 |  3.7
Short Blades   | 1 2 3 |  3.4
Long Blades    | 1 2 3 |  3.4
Axes           | 1 2 3 |  3.4
Maces & Flails | 1 2 3 |  3.4
Staves         | 1 2 3 |  3.4
Slings         | 1 2 3 |  3.4
Bows           | 1 2 3 |  3.4
Crossbows      | 1 2 3 |  3.4
Stealth        | 1 2 3 |  3.4
Shields        | 1 2 3 |  3.4
Unarmed Combat | 1 2 3 |  3.4
Evocations     | 1 2 3 |  3.4
Conjurations   | 1 2 |  2.8
Hexes          | 1 2 |  2.8
Summonings     | 1 2 |  2.8
Necromancy     | 1 2 |  2.8
Transmutations | 1 2 |  2.8
Fire Magic     | 1 2 |  2.8
Ice Magic      | 1 2 |  2.8
Air Magic      | 1 2 |  2.8
Earth Magic    | 1 2 |  2.8
Poison Magic   | 1 2 |  2.8
Throwing       | 3 4 |  4.3
Armour         | 3 4 |  4.3
Fighting       | 5 |  5.8
Polearms       | 5 |  5.8
Dodging        | 5 |  5.8
Translocations | 6 |  6.2

Action                   |  1- 3 |  4- 6 |  7- 9 || total
-------------------------+-------+-------+-------++-------
Melee: Spear             |    39 |       |       ||    39
       Bite              |    10 |    23 |    22 ||    55
       Whip              |    78 |   224 |       ||   302
       Punch             |     4 |     3 |     4 ||    11
       Rapier            |       |     8 |   126 ||   134
       Flail             |       |     4 |     9 ||    13
       Hand axe          |       |       |    19 ||    19
 Fire: Hunting sling     |       |       |    13 ||    13
Throw: Dart              |       |     1 |       ||     1
 Cast: Blink             |       |     1 |       ||     1
  Use: Scroll            |       |     3 |       ||     3
 Stab: Sleeping          |     2 |     6 |     1 ||     9
Armor: Leather armour    |    38 |    54 |    39 ||   131
Dodge: Dodged            |    85 |   147 |   116 ||   348
